 Dungeon Crawl Stone Soup version 0.28.0-45-g0d030f2227 (webtiles) character file.

Game seed: 16988988727726765527

74 pkoi the Shooter (level 3, 0/29 HPs)
             Began as a Demigod Hunter on Apr 22, 2022.
             Slain by an orc wizard
             ... wielding a +0 dagger
              (2 damage)
             ... on level 2 of the Dungeon.
             The game lasted 00:05:01 (3613 turns).

pkoi the Shooter (Demigod Hunter)                   Turns: 3613, Time: 00:05:02

Health: 0/29       AC:  3    Str: 13    XL:     3   Next: 86%
Magic:  5/5        EV: 11    Int: 17    God:
Gold:   60         SH:  0    Dex: 14    Spells: 2/2 levels left

rFire   . . .      SeeInvis .   a - +1 shortbow
rCold   . . .      Faith    .   (shield currently unavailable)
rNeg    . . .      Spirit   .   c - +0 leather armour
rPois   .          Reflect  .   (no helmet)
rElec   .          Harm     .   (no cloak)
rCorr   .          Rampage  .   (no gloves)
Will    .....                   (no boots)
Stlth   +.........              (no amulet)
HPRegen 0.09/turn               (no ring)
MPRegen 0.09/turn               (no ring)

@: no status effects
A: high MP 1, forlorn, divine attributes
a: no special abilities


You were on level 2 of the Dungeon.
You visited 1 branch of the dungeon, and saw 3 of its levels.

You collected 60 gold pieces.

Inventory:

Hand Weapons
 a - a +1 shortbow (weapon)
 b - a +0 short sword
Missiles
 d - an arrow (quivered ammo)
Armour
 c - a +0 leather armour (worn)
Scrolls
 g - 2 scrolls of torment {unknown}
 h - a scroll of blinking {unknown}
 i - a scroll of identify {unknown}
 j - a scroll of vulnerability {unknown}
 k - a scroll of magic mapping {unknown}
Potions
 e - a potion of berserk rage {unknown}
 f - 3 potions of curing {unknown}


   Skills:
 - Level 1.7 Fighting
 + Level 5.2 Bows
 - Level 1.7 Dodging
 - Level 0.8 Stealth


You had 2 spell levels left.
You didn't know any spells.
Your spell library contained the following spells:

 Spells                   Type           Power      Damage    Failure   Level
 Shock                    Conj/Air       0%         1d3       30%         1
 Swiftness                Air            0%         N/A       65%         3
 Airstrike                Air            0%         N/A       96%         4


Dungeon Overview and Level Annotations

Branches:
Dungeon (3/15)

Annotations:
D:2 Sigmund


Innate Abilities, Weirdness & Mutations

You have an increased reservoir of magic. (+10% MP)
You shall have no god before yourself.
Your divine heritage dramatically boosts your attributes as you level up.


Message History

The orc wizard is heavily wounded.
The orc hits you with a +0 whip.
* * * LOW HITPOINT WARNING * * *
The orc wizard casts a spell.
The orc wizard flickers and vanishes!
Deactivating autopickup; reactivate with Ctrl-A.
Fire: 7 arrows
Press: ? - help, Q - select action Shift-Dir - straight line, f/p - orc
Aim: an orc, wielding a +0 whip and wearing a +0 scale mail (65% to hit)
You shoot an arrow. The arrow hits the orc.
The orc is lightly wounded.
The orc hits you with a +0 whip.
* * * LOW HITPOINT WARNING * * *
Fire: 6 arrows
Press: ? - help, Q - select action Shift-Dir - straight line, f/p - orc
Aim: an orc, wielding a +0 whip and wearing a +0 scale mail (lightly wounded, 65% to hit)
You shoot an arrow.
The arrow hits the orc but does no damage.
The orc is lightly wounded.
The orc misses you.
Fire: 5 arrows
Press: ? - help, Q - select action Shift-Dir - straight line, f/p - orc
Aim: an orc, wielding a +0 whip and wearing a +0 scale mail (lightly wounded, 65% to hit)
You shoot an arrow. The arrow hits the orc!
You kill the orc!
Fire: 4 arrows
Press: ? - help, Q - select action Shift-Dir - straight line, f - you You shoot an arrow.
Something hits you.
* * * LOW HITPOINT WARNING * * *
Fire: 3 arrows
Press: ? - help, Q - select action Shift-Dir - straight line, f - you You shoot an arrow.
Something hits you.
* * * LOW HITPOINT WARNING * * *
Fire: 2 arrows
Press: ? - help, Q - select action Shift-Dir - straight line, f - you You shoot an arrow.
Something hits you.
You die...

#######........#.######
...............#.#
...............#.#
...............#.#
.........###'###.# .........#
#)###.# .........# #..##.#
.........# ##.##.# .........#
#..#@# .........# ##.#{#
###### .........# #..(#
#....# ########## ##(.#
#.##.# ######..# #.##.#
#########......># #.##.#
#.......#.....#.####.##.####
##.......#.....#(#<....#....#
[........#.....#.####.#####.#


There were no monsters in sight!

Vanquished Creatures
  2 adders (D:2)
  2 worms (D:2)
  2 dart slugs
  An orc (D:2)
  3 bats (D:1)
  7 endoplasms
  4 goblins
  5 hobgoblins
  7 kobolds
  3 quokkas
  A ball python (D:2)
  4 frilled lizards
  3 rats
44 creatures vanquished.

Notes
Turn   | Place    | Note
-------+----------+-------------------------------------------
     0 | D:1      | pkoi the Demigod Hunter began the quest for the Orb.
     0 | D:1      | Reached XP level 1. HP: 17/17 MP: 3/3
    39 | D:1      | Reached skill level 4 in Bows
   463 | D:1      | Reached XP level 2. HP: 20/24 MP: 4/4
  1478 | D:2      | Reached XP level 3. HP: 4/29 MP: 5/5
  2965 | D:2      | Reached skill level 5 in Bows
  3490 | D:2      | Noticed Sigmund
  3613 | D:2      | Slain by an orc wizard

Illustrated notes

Levels and vault maps discovered:
D:1:      minmay_arrival_jagged, layout_loops_ring,
          shapermc_ecumenical_altar_hornbeckon, minmay_tetromino_o4
D:2:      minmay_angry_zag, layout_basic, minivault_23, grunt_ministairs_2,
          uniq_natasha, uniq_sigmund
D:3:      minmay_chambers_of_threes, layout_rooms, portal_sewer_entry_a,
          kennysheep_boxes, uniq_terence

Skill      XL: |  1  2  3 |
---------------+----------+-----
Bows           | 4 5 |  5.2
Fighting       | |  1.7
Dodging        | |  1.7
Stealth        | |  0.8

Action                   || total
-------------------------++-------
Melee: Short sword       ||   112
       Punch             ||     2
 Fire: Shortbow          ||    83
Armor: Leather armour    ||    25
Dodge: Dodged            ||    74
